 Dungeon Sprint DCSS version 0.28-a0-313-gbc0475efdd (webtiles) character file.

Game seed: 13490017555767430043

1292 Ankalagon the Severer (level 8, -8/81 HPs)
             Began as a Hill Orc Gladiator on Aug 31, 2021.
             Killed from afar by an electric eel (9 damage)
             ... with a bolt of electricity
             ... in the Dungeon (Sprint II: "The Violet Keep of Menkaure").
             The game lasted 00:03:00 (678 turns).

Ankalagon the Severer (Hill Orc Gladiator)           Turns: 678, Time: 00:03:00

Health: -8/81      AC:  4    Str: 17    XL:     8   Next: 56%
Magic:  8/8        EV: 12    Int:  8    God:
Gold:   7          SH:  4    Dex: 16    Spells: 7/7 levels left

rFire   . . .      SeeInvis .   a - +0 war axe
rCold   + + .      Faith    .   f - +1 buckler "Qeboguen" {rC++}
rNeg    . . .      Spirit   .   b - +0 leather armour
rPois   +          Reflect  .   c - +0 helmet
rElec   .          Harm     .   (no cloak)
rCorr   .          Rampage  .   (no gloves)
Will    .....      Rnd*Rage +   (no boots) Stlth +.........NoTele +
                                (no amulet)
HPRegen 0.23/turn               (no ring)
MPRegen 0.11/turn               (no ring)

@: very slow
A: thin skeletal structure 1, berserk 1, frail 1, poison resistance
a: no special abilities


You were in the Dungeon.
You visited 1 branch You collected 729 gold pieces.
You spent 722 gold pieces at shops.

Inventory:

Hand Weapons
 a - a +0 war axe (weapon)
Missiles
 d - 3 throwing nets (quivered)
Armour
 b - a +0 leather armour (worn)
 c - a +0 helmet (worn)
 f - the +1 buckler "Qeboguen" (worn) {rC++}
   (You bought it in a shop in the Dungeon)

   rC:        It greatly protects you from cold.
Scrolls
 j - a scroll of blinking
Potions
 e - a potion of curing
 g - 2 potions of berserk rage
 h - 2 potions of magic
 i - a potion of invisibility
 k - 3 potions of lignification
 l - 2 potions of heal wounds


   Skills:
 - Level 14.7 Fighting
 - Level 16.0 Axes
 - Level 1.7 Throwing
 - Level 3.8 Dodging
 + Level 0.0 Shields


You had 7 spell levels left.
You didn't know any spells.
Your spell library was empty.

Dungeon Overview and Level Annotations

Branches:
Dungeon (1/1)

Altars:

Shops:
D :(=!?:[[!:=!:**

Annotations:
D exclusions: door and oklob plant


Innate Abilities, Weirdness & Mutations

You have a somewhat thin skeletal structure. (Dex +2, Stealth+)
You tend to lose your temper in combat.
You are frail. (-10% HP)
Your system is resistant to poisons. (rPois)


Message History

The electric eel shoots out a bolt of lightning at you!
The bolt of electricity hits you.
An electric eel comes into view.
The electric eel shoots out a bolt of lightning at you!
The bolt of electricity hits you!
The electric eel shoots out a bolt of lightning at you!
The bolt of electricity hits you.
The electric eel shoots out a bolt of lightning at you!
The bolt of electricity hits you!
The electric eel moves out of view.
An electric eel comes into view.
The electric eel shoots out a bolt of lightning at you!
The bolt of electricity hits you!
The electric eel shoots out a bolt of lightning at you!
The bolt of electricity hits the electric eel.
The electric eel completely resists.
The bolt of electricity misses the electric eel.
The bolt of electricity hits you!
The electric eel shoots out a bolt of lightning at you!
The bolt of electricity hits the electric eel.
The electric eel completely resists.
The bolt of electricity hits you!
* * * LOW HITPOINT WARNING * * *
The electric eel shoots out a bolt of lightning at you!
The bolt of electricity hits the electric eel.
The electric eel completely resists.
The bolt of electricity hits you!
* * * LOW HITPOINT WARNING * * *
The electric eel shoots out a bolt of lightning at you!
The bolt of electricity hits you.
* * * LOW HITPOINT WARNING * * *
The electric eel shoots out a bolt of lightning at you!
The bolt of electricity hits the electric eel.
The electric eel completely resists.
The bolt of electricity hits the electric eel.
The electric eel completely resists.
The bolt of electricity hits the electric eel.
The electric eel completely resists.
The bolt of electricity hits you.
* * * LOW HITPOINT WARNING * * *
The electric eel shoots out a bolt of lightning at you!
The bolt of electricity hits the electric eel.
The electric eel completely resists.
The bolt of electricity hits you!
You die...

##..∩.∩...#≈##.###'## .##
##...∩.∩..#≈##..##.##B.$#
##....∩.∩.'≈+##.'.<.+#
##.....∩.∩#≈#.#.##.##B..#
#▓▓▓▓▓▓▓###≈##.###†# .##
##(.D######≈≈####.#.# #
#$JJ#. ##≈≈≈#.###.#
#∩P)+$ #+#≈##.# ## #$($ (
#≈@##+# #![. ##≈§§§≈≈≈≈
##+ #§§§#+++# #;§;;;≈
≈;§;§;;≈§ ≈§§§≈§≈§≈
≈§§§§≈§§; ##≈§≈≈§≈§#


You could see 9 electric eels.

Vanquished Creatures
  2 wyverns (D)
  4 neqoxecs (D)
  Menkaure (D)
  A water moccasin (D)
  4 necrophages (D)
12 creatures vanquished.

Vanquished Creatures (others)
  A water moccasin (D)
1 creature vanquished.

Grand Total: 13 creatures vanquished

Notes
Turn   | Place    | Note
-------+----------+-------------------------------------------
     0 | D        | Ankalagon the Hill Orc Gladiator began the quest for the
                  | Orb.
     0 | D        | Reached XP level 1. HP: 18/18 MP: 1/1
     1 | D        | Noticed a necrophage
     1 | D        | Noticed a necrophage
     1 | D        | Noticed a necrophage
     1 | D        | Noticed a necrophage
     7 | D        | Killed a necrophage
     8 | D        | Reached skill level 8 in Axes
     8 | D        | Reached XP level 2. HP: 34/34 MP: 2/2
     8 | D        | Reached XP level 3. HP: 39/39 MP: 3/3
     8 | D        | Reached XP level 4. HP: 47/47 MP: 4/4
    12 | D        | Killed a necrophage
    13 | D        | Reached skill level 10 in Axes
    13 | D        | Reached XP level 5. HP: 57/57 MP: 5/5
    15 | D        | Killed a necrophage
    16 | D        | Reached skill level 10 in Fighting
    16 | D        | Reached skill level 11 in Axes
    16 | D        | Reached XP level 6. HP: 67/67 MP: 6/6
    26 | D        | Killed a necrophage
    27 | D        | Reached skill level 12 in Axes
   194 | D        | Noticed a boulder beetle
   194 | D        | Noticed a boulder beetle
   197 | D        | Noticed a wyvern
   197 | D        | Noticed a wyvern
   203 | D        | Killed a wyvern
   204 | D        | Reached skill level 13 in Axes
   204 | D        | Reached XP level 7. HP: 69/78 MP: 7/7
   211 | D        | Killed a wyvern
   212 | D        | Reached skill level 14 in Axes
   330 | D        | Noticed a neqoxec
   330 | D        | Noticed a neqoxec
   330 | D        | Noticed a neqoxec
   330 | D        | Noticed a neqoxec
   338 | D        | Killed a neqoxec
   340 | D        | Gained mutation: You tend to lose your temper in combat. [a
                  | neqoxec]
   350 | D        | Gained mutation: You are frail. (-10% HP) [a neqoxec]
   353 | D        | Killed a neqoxec
   354 | D        | Reached skill level 15 in Axes
   354 | D        | Reached XP level 8. HP: 41/80 MP: 8/8
   364 | D        | Gained mutation: Your system is resistant to poisons.
                  | (rPois) [a neqoxec]
   368 | D        | Gained mutation: You have a somewhat thin skeletal
                  | structure. (Dex +2, Stealth+) [a neqoxec]
   375 | D        | Found Weamm's Book Shop.
   376 | D        | Found Toekihor's Assorted Antiques.
   376 | D        | Found Gaal Kawn's Distillery.
   376 | D        | Found Zeap's Jewellery Shop.
   376 | D        | Found Gifoixan's Antique Armour Boutique.
   376 | D        | Found Doicw's Antique Armour Shop.
   376 | D        | Found Mavviaca's Book Shop.
   376 | D        | Found Iqebaaq's Book Boutique.
   376 | D        | Noticed Menkaure
   385 | D        | Killed Menkaure
   386 | D        | Reached skill level 16 in Axes
   388 | D        | Found Ciciehud's Assorted Antiques.
   388 | D        | Found Odwued's Distillery.
   388 | D        | Found Siytymo's Magic Scroll Boutique.
   388 | D        | Found Jaenuc's Distillery.
   389 | D        | Found Irumaj's Jewellery Shop.
   389 | D        | Found Ufeng's Antique Weapon Boutique.
   389 | D        | Noticed a slime creature
   391 | D        | Noticed a slime creature
   391 | D        | Noticed a slime creature
   391 | D        | Noticed an oklob plant
   415 | D        | Found Dojekog's Book Shoppe.
   419 | D        | Noticed a fire dragon
   452 | D        | Bought a faintly humming buckler for 256 gold pieces
   452 | D        | Identified the +1 buckler "Qeboguen" {rC++} (You bought it
                  | in a shop in the Dungeon)
   470 | D        | Bought 2 potions of berserk rage for 110 gold pieces
   668 | D        | Bought a potion of invisibility for 96 gold pieces
   668 | D        | Bought a potion of lignification for 36 gold pieces
   669 | D        | Bought 2 potions of lignification for 84 gold pieces
   669 | D        | Bought a potion of heal wounds for 70 gold pieces
   669 | D        | Bought a potion of heal wounds for 70 gold pieces
   678 | D        | HP: 1/81 [electric eel/bolt of electricity (6)]
   678 | D        | Killed from afar by an electric eel

Illustrated notes

Levels and vault maps discovered:
D:        the_violet_keep_of_menkaure [sprint2_stairs_cluster_1,
          sprint2_shoproom, sprint2_temple, sprint2_basic_supplies,
          sprint2_obstacle_7, sprint2_obstacle_3, sprint2_obstacle_5,
          sprint2_obstacle_1, sprint2_obstacle_4, sprint2_timed_cluster_1,
          sprint2_smallroom_cluster_1, sprint2_smallroom_final_cluster_1,
          sprint2_transparent_cluster_1, sprint2_second_timed_cluster_1,
          sprint2_sniper_area_1, sprint2_heavy_combat_area_1,
          sprint2_mutation_trap_area_1, sprint2_forest_area_1,
          sprint2_light_combat_area_1, sprint2_behind_water_1,
          sprint2_near_end_vault_1]

Skill      XL: |  1  2  3  4  5  6  7  8 |
---------------+-------------------------+-----
Fighting       | 7 9 10 12 14 | 14.7
Axes           | 8 10 11 13 15 16 | 16.0
Dodging        | 3 |  3.8
Throwing       | |  1.7

Action                   |  1- 3 |  4- 6 |  7- 9 || total
-------------------------+-------+-------+-------++-------
Melee: War axe           |     4 |    23 |    63 ||    90
  Use: Potion            |     1 |       |     2 ||     3
Armor: Leather armour    |       |     4 |     5 ||     9
Dodge: Dodged            |     2 |    11 |    14 ||    27

Table legend: (Time is in decaauts)
 A = Elapsed time spent in this place.
 B = Non-inter-level travel time spent in this place.
 C = Inter-level travel time spent in this place.
 D = Time resting spent in this place.
 E = Time spent auto-exploring this place.
 F = Levels seen in this place.
 G = Mean time per level.
                   A        B        C        D        E       F      G
               +--------+--------+--------+--------+--------+-----+--------+
         Total |    655 |    655 |      0 |    460 |      0 |   1 |  655.0 |
       Dungeon |    655 |    655 |      0 |    460 |      0 |   1 |  655.0 |
               +--------+--------+--------+--------+--------+-----+--------+

Top non-repeatable levels by time:
       D: 655 daAuts
